Map: Orbital Shipyard

Players

PlayerOne

  • Race: Zerg Zerg

JusticeSimon - Winner!

  • Race: Protoss Protoss
  • League: Master

VOD

Have the link to the VOD?

Description

Time

  • Played on: March 13, 2016, 12:49 a.m.
  • Length: 11:51
Show
View Real Time Build Order
Export as new Build Order

PlayerOne Zerg 

Build Orders: 3 Hatch before Pool 

Get SALT Encoding   

  12  0:01  Drone  
  13  0:12  Overlord  
  13  0:17  Drone  
  14  0:31  Drone x2  
  14  0:34  Drone  
  17  0:53  Hatchery  
  17  0:56  Drone  
  17  0:59  Drone  
  18  1:06  Drone  
  19  1:24  Hatchery  
  18  1:27  Drone  
  19  1:41  Spawning Pool  
  19  1:42  Drone  
  19  1:49  Drone, Extractor  
  19  1:54  Overlord  
  19  2:03  Drone  
  19  2:07  Drone  
  21  2:11  Drone  
  22  2:18  Drone  
  23  2:27  Queen  
  23  2:28  Queen  
  27  2:30  Zergling x2  
  27  2:34  Drone  
  27  2:35  Drone  
  30  2:38  Drone  
  30  2:41  Drone  
  32  2:49  Metabolic Boost  
  32  2:52  Drone x2  
  32  2:53  Drone  
  32  2:58  Overlord  
  33  3:13  Zergling x2  
  33  3:14  Zergling x8  
  36  3:20  Queen  
  36  3:25  Drone  
  36  3:39  Drone x2  
  36  3:41  Drone x4  
  41  3:51  Drone x3  
  41  3:52  Drone  
  45  3:59  Roach Warren  
  45  4:02  Overlord  
  44  4:04  Extractor  
  44  4:09  Drone x3  
  46  4:11  Drone  
  46  4:12  Drone  
  46  4:16  Overlord  
  47  4:26  Drone x3  
  47  4:27  Drone x4  
  54  4:36  Spore Crawler  
  54  4:37  Drone, Spore Crawler  
  53  4:38  Drone  
  53  4:40  Drone x2  
  53  4:45  Spore Crawler  
  52  4:50  Extractor  
  47  4:55  Drone  
  47  4:56  Drone x7  
  53  5:05  Drone x3  
  55  5:11  Drone  
  55  5:13  Roach x2  
  60  5:17  Queen  
  60  5:19  Drone  
  63  5:25  Roach  
  63  5:27  Overlord  
  65  5:37  Overlord  
  65  5:43  Lair  
  65  5:47  Drone x4, Extractor  
  65  5:49  Drone x4  
  72  5:54  Overlord x3  
  72  6:03  Roach  
  73  6:05  Roach  
  73  6:09  Roach x2  
  68  6:24  Roach x4  
  68  6:25  Roach x2  
  74  6:37  Drone, Queen  
  74  6:38  Drone x7  
  74  6:39  Overlord  
  83  6:55  Drone  
  83  6:57  Drone x3  
  87  7:02  Drone x2  
  87  7:03  Hydralisk Den  
  87  7:05  Drone x4  
  92  7:10  Extractor  
  92  7:14  Drone x3  
  94  7:17  Drone  
  94  7:18  Drone, Extractor  
  94  7:20  Drone  
  96  7:25  Spore Crawler  
  96  7:29  Drone x3  
  98  7:36  Hatchery  
  97  7:42  Drone x3  
  100  7:48  Zergling x2  
  101  7:54  Lurker Den  
  101  7:56  Hydralisk  
  101  7:57  Hydralisk  
  105  7:59  Overlord x3  
  105  8:06  Overlord  
  105  8:13  Evolution Chamber  
  105  8:14  Evolution Chamber  
  105  8:19  Hydralisk  
  103  8:20  Hydralisk x12  
  128  8:30  Baneling Nest, Overlord  
  127  8:41  Hydralisk x4  
  127  8:47  Zerg Missile Weapons Level 1  
  135  8:49  Zerg Ground Armor Level 1  
  135  8:55  Queen  
  135  8:56  Drone  
  135  8:57  Drone x7  
  135  8:58  Overlord  
  145  9:06  Zergling x2  
  145  9:07  Zergling x10  
  151  9:15  Overlord x2  
  151  9:16  Zergling x2, Extractor  
  152  9:17  Zergling x6  
  152  9:19  Extractor  
  153  9:32  Zergling x4  
  153  9:33  Zergling x8  
  153  9:35  Baneling x10  
  153  9:36  Baneling x9  
  159  9:38  Centrifical Hooks  
  159  9:43  Drone  
  159  9:44  Drone x3  
  163  9:50  Roach x3  
  163  9:51  Roach  
  171  9:58  Zergling x2  
  171  9:59  Zergling x8  
  176  10:06  Overlord x3  
  176  10:13  Overlord x2  
  176  10:19  Baneling x6  
  176  10:20  Baneling x3  
  176  10:40  Roach  
  176  10:41  Roach x11  
  198  10:54  Zergling x10  
  198  10:55  Zergling x8  
  157  11:13  Roach  
  157  11:14  Roach x11  
  164  11:25  Roach x4  
Show
View Real Time Build Order
Export as new Build Order

JusticeSimon Protoss - Winner!

Build Orders: Oracle Opening 

Get SALT Encoding   

  12  0:01  Probe (Chrono Boost)  
  13  0:13  Pylon  
  13  0:17  Probe (Chrono Boost)  
  14  0:32  Gateway  
  14  0:34  Probe (Chrono Boost)  
  15  0:42  Assimilator  
  15  0:45  Probe (Chrono Boost)  
  16  0:56  Probe (Chrono Boost)  
  17  1:01  Gateway  
  17  1:06  Probe (Chrono Boost)  
  18  1:17  Probe (Chrono Boost)  
  19  1:29  Cybernetics Core  
  19  1:31  Probe (Chrono Boost)  
  20  1:35  Pylon  
  20  1:42  Probe (Chrono Boost)  
  21  1:52  Probe (Chrono Boost)  
  22  2:03  Probe (Chrono Boost)  
  22  2:07  Warp Gate (Chrono Boost), Adept (Chrono Boost)  
  22  2:08  Adept (Chrono Boost)  
  27  2:15  Probe  
  28  2:24  Nexus  
  28  2:28  Assimilator  
  28  2:30  Probe  
  29  2:41  Pylon  
  29  2:42  Probe  
  30  2:51  Stargate  
  30  2:59  Zealot  
  32  3:12  Probe  
  33  3:24  Probe  
  32  3:36  Probe  
  32  3:40  Probe  
  33  3:43  Oracle (Chrono Boost)  
  33  3:48  Probe  
  36  3:51  Probe  
  37  3:56  Pylon  
  37  3:58  Adept x2  
  37  4:00  Probe  
  37  4:02  Probe  
  42  4:08  Assimilator  
  43  4:12  Mothership Core, Probe  
  43  4:13  Assimilator  
  43  4:15  Phoenix (Chrono Boost)  
  48  4:20  Adept x2  
  48  4:23  Probe  
  52  4:28  Pylon  
  53  4:33  Probe  
  53  4:34  Probe  
  53  4:37  Phoenix (Chrono Boost)  
  57  4:44  Probe  
  58  4:46  Probe  
  59  4:54  Probe, Adept x2  
  59  4:56  Pylon  
  59  4:58  Probe  
  65  5:00  Pylon  
  65  5:08  Twilight Council  
  65  5:19  Probe  
  65  5:20  Probe  
  67  5:22  Nexus  
  67  5:23  Gateway  
  67  5:26  Gateway  
  67  5:29  Adept  
  69  5:37  Probe  
  69  5:38  Probe  
  69  5:40  Phoenix (Chrono Boost)  
  73  5:48  Probe  
  73  5:50  Probe  
  68  6:16  Probe  
  68  6:17  Probe  
  68  6:18  Adept x2  
  68  6:20  Charge (Chrono Boost)  
  68  6:29  Probe  
  68  6:31  Probe  
  67  6:39  Probe  
  66  6:41  Probe  
  66  6:42  Probe  
  66  6:44  Zealot x4  
  73  6:50  Probe  
  73  6:54  Forge x2  
  74  6:57  Probe  
  74  6:58  Probe  
  74  6:59  Assimilator  
  76  7:06  Sentry x3, Assimilator  
  76  7:08  Zealot  
  84  7:11  Pylon  
  84  7:15  Pylon  
  84  7:18  Gateway  
  84  7:19  Gateway  
  84  7:21  Gateway  
  84  7:24  Probe x2  
  84  7:25  Gateway x2, Probe  
  87  7:35  Pylon  
  87  7:42  Robotics Facility x2  
  87  7:47  Zealot x3  
  87  7:48  Protoss Ground Weapons Level 1 (Chrono Boost), Zealot  
  95  7:52  Pylon  
  95  7:54  Pylon  
  95  7:57  Blink (Chrono Boost)  
  95  7:58  Protoss Ground Armor Level 1 (Chrono Boost)  
  95  8:15  Zealot  
  95  8:16  Zealot  
  95  8:17  Zealot  
  95  8:18  Zealot x4  
  109  8:28  Oracle  
  109  8:31  Immortal x2 (Chrono Boost)  
  120  8:35  Probe x2  
  120  8:41  Photon Cannon  
  120  8:45  Photon Cannon  
  120  8:50  Templar Archives  
  120  9:06  Immortal x2 (Chrono Boost)  
  128  9:10  Stalker  
  128  9:11  Stalker x4  
  128  9:14  Stalker  
  140  9:19  Pylon  
  140  9:21  Pylon  
  140  9:29  Pylon  
  140  9:40  Observer (Chrono Boost), Warp Prism (Chrono Boost)  
  143  10:01  Stalker x6  
  143  10:02  Stalker x3  
  143  10:06  Nexus  
  161  10:09  Pylon  
  161  10:16  Observer x2 (Chrono Boost)  
  163  10:29  Stalker x3  
  163  10:30  Stalker x2  
  170  10:47  Probe x2  
  172  10:57  Pylon  
  154  10:59  Pylon  
  154  11:00  Zealot x2  
  154  11:01  Zealot x7  
  158  11:15  Immortal (Chrono Boost)  
  158  11:16  Immortal (Chrono Boost)  
  136  11:28  Zealot x3  
  136  11:29  Zealot x4  
  129  11:44  Zealot x2  
Tags
 
Add a new tag
Caveats
  • Supply blocks, unpowered buildings, or Contaminate may cause inaccurate times.
  • Supply counts are checked every 10 seconds.